 Dungeon Crawl Stone Soup version 0.27.1-2-g3b301248ec (webtiles) character file.

Game seed: 16993677630225627842

51 styxcanada the Sneak (level 3, -1/18 HPs)
             Began as a Spriggan Brigand on Oct 1, 2021.
             Slain by a scorpion (7 damage)
             ... on level 2 of the Dungeon.
             The game lasted 00:06:29 (1820 turns).

styxcanada the Sneak (Spriggan Brigand)             Turns: 1820, Time: 00:06:30

Health: -1/18      AC:  3    Str:  7    XL:     3   Next: 58%
Magic:  4/4        EV: 16    Int: 12    God:
Gold:   49         SH:  5    Dex: 17    Spells: 2/2 levels left

rFire    . . .     SeeInvis +   a - +2 dagger
rCold    . . .     Faith    .   i - +0 buckler
rNeg     . . .     Spirit   .   b - +0 robe
rPois    .         Reflect  .   (helmet restricted)
rElec    .         Harm     .   c - +0 cloak
rCorr    .         Rampage  .   (gloves unavailable)
Will     .....                  (boots unavailable)
Stlth    ++++......             (no amulet)
HPRegen  0.06/turn              (no ring)
MPRegen  0.09/turn              (no ring)

@: lethally poisoned (-1 -> -9), very quick
A: very small, no large weapons, unfitting armour, see invisible, speed 3
a: no special abilities


You were on level 2 of the Dungeon.
You visited 1 branch of the dungeon, and saw 2 of its levels.

You collected 49 gold pieces.

Inventory:

Hand Weapons
 a - a +2 dagger (weapon)
 j - a +0 hunting sling
Missiles
 d - 2 poisoned darts (quivered)
 e - 2 curare-tipped darts
 h - 48 stones
Armour
 b - a +0 robe (worn)
 c - a +0 cloak (worn)
 i - a +0 buckler (worn)
Scrolls
 l - a scroll of amnesia {unknown}
Potions
 f - a potion of curing
 g - a potion of haste {unknown}
 k - 2 potions of berserk rage {unknown}


   Skills:
 * Level 2.0 Fighting
 + Level 2.7 Short Blades
 + Level 2.0 Throwing
 * Level 2.2 Dodging
 * Level 6.8 Stealth
 * Level 0.2 Spellcasting


You had 2 spell levels left.
You didn't know any spells.
Your spell library contained the following spells:

 Spells                   Type           Power      Damage    Failure   Level
 Summon Small Mammal      Summ           0%         N/A       50%         1
 Sublimation of Blood     Necr           0%         N/A       63%         2
 Wereblood                Tmut           0%         N/A       63%         2
 Call Canine Familiar     Summ           0%         N/A       86%         3
 Summon Guardian Golem    Hex/Summ       0%         N/A       86%         3
 Summon Hydra             Summ           0%         N/A       100%        7


Dungeon Overview and Level Annotations

Branches:
Dungeon (2/15)

Altars:


Innate Abilities, Weirdness & Mutations

You are very small and have problems with some larger weapons.
You are too small for most types of armour.
You have supernaturally acute eyesight. (SInv)
You cover ground extremely quickly. (Speed+++)


Message History

Aim: a scorpion (severely wounded, 62% to hit)
You throw a poisoned dart. The poisoned dart hits the scorpion.
The scorpion is severely wounded.
A rat comes into view.
An adder comes into view.
A kobold comes into view. It is wielding a +0 whip.
The adder hisses angrily.
You hit the rat.
You kill the rat!
You hit the adder.
The adder is lightly wounded.
You block the adder's attack.
You closely miss the adder.
The adder is lightly wounded.
The adder bites you. The scorpion misses you. The adder barely misses you.
You hit the adder but do no damage.
The adder is lightly wounded.
The scorpion stings you but does no damage.
You block the adder's attack.
You barely miss the scorpion.
The scorpion is heavily wounded.
You block the scorpion's attack. The adder bites you.
You hit the scorpion.
The scorpion is severely wounded.
You block the scorpion's attack. You block the adder's attack.
The scorpion closely misses you.
You closely miss the scorpion.
The scorpion is severely wounded.
The adder completely misses you. The scorpion stings you.
The adder bites you but does no damage.
You completely miss the scorpion.
The scorpion is severely wounded.
The scorpion stings you.
You are lethally poisoned!
The scorpion poisons you! You block the adder's attack.
You hit the scorpion but do no damage.
The scorpion is severely wounded.
You feel very sick. The adder barely misses you. The scorpion stings you!
You die...

###..####..##.#
#).....#.#†#..#
#.##..##.###(##
#.##.#.(...#.
#.##.###.##..#
#.#..# #.#.(.#
#.#.## .####.#
#s#. .. #. #@##
### #S# #K# #.#
#.# #.# #.# #.#


You could see a scorpion, an adder and a kobold.

Vanquished Creatures
  An adder (D:2)
  A worm (D:2)
  A dart slug (D:1)
  6 ball pythons
  4 endoplasms
  2 goblins (D:1)
  2 hobgoblins (D:1)
  6 kobolds
  3 quokkas (D:1)
  2 bats
  5 frilled lizards (D:1)
  6 rats
39 creatures vanquished.

Notes
Turn   | Place    | Note
-------+----------+-------------------------------------------
     0 | D:1      | styxcanada the Spriggan Brigand began the quest for the
                  | Orb.
     0 | D:1      | Reached XP level 1. HP: 10/10 MP: 2/2
   170 | D:1      | Reached skill level 6 in Stealth
   222 | D:1      | Reached XP level 2. HP: 11/15 MP: 3/3
  1194 | D:1      | Reached XP level 3. HP: 18/18 MP: 4/4
  1787 | D:2      | Noticed a scorpion
  1820 | D:2      | Slain by a scorpion

Illustrated notes

Levels and vault maps discovered:
D:1:      dpeg_arrival_rooms_with_view, layout_basic
D:2:      layout_rooms, minivault_27, small_statue_intersection,
          minmay_octomino_j4

Skill      XL: |  1  2  3 |
---------------+----------+-----
Stealth        | 6 |  6.8
Fighting       | 2 |  2.0
Dodging        | 2 |  2.2
Short Blades   | |  2.7
Throwing       | |  2.0
Spellcasting   | |  0.2

Action                   || total
-------------------------++-------
Melee: Dagger            ||   107
Throw: Dart              ||    15
  Use: Scroll            ||     1
 Stab: Sleeping          ||    17
Armor: Robe              ||    10
Dodge: Dodged            ||    64
Block: Buckler           ||     6
